 Dungeon Crawl Stone Soup version 0.22-a0-149-g870e420 (webtiles) character file.

11519 Gorglomux the Protected (level 11, -24/153 HPs)
             Began as a Minotaur Necromancer on Feb 7, 2018.
             Was an Elder of Okawaru.
             Annihilated by a Hell Sentinel (26 damage)
             ... on level 1 of the Abyss.
             The game lasted 00:19:23 (10197 turns).

Gorglomux the Protected (Minotaur Necromancer)     Turns: 10197, Time: 00:19:23

Health: -24/153    AC:  9    Str: 22      XL:     11   Next: 50%
Magic:  13/13      EV:  8    Int: 12      God:    Okawaru [****..]
Gold:   787        SH:  0    Dex:  9 (10) Spells: 12/12 levels left

rFire    + . .     SeeInvis .   a - +1 hand axe (flame)
rCold    . . .     Gourm    .   O - +0 buckler
rNeg     . . .     Faith    .   X - +0 troll leather armour {Purgy}
rPois    .         Spirit   .   (helmet restricted)
rElec    .         Reflect  .   (no cloak)
rCorr    .         Harm     .   A - +2 pair of gloves
MR       .....                  (no boots)
Stlth    ..........             (no amulet)
HPRegen  0.75/turn              y - +3 ring of slaying
MPRegen  0.13/turn              f - ring of protection from fire

@: berserking, about to teleport, vulnerable, held, drained, very quick
A: retaliatory headbutt, horns 2, deterioration 1
a: Heroism, Renounce Religion


You were on level 1 of the Abyss.
You worshipped Okawaru.
Okawaru was greatly pleased with you.
You were not hungry.

You visited 2 branches of the dungeon, and saw 10 of its levels.
You visited the Abyss 1 time.
You also visited: Sewer.

You collected 787 gold pieces.

Inventory:

Hand Weapons
 a - a +1 hand axe of flaming (weapon)
 b - a +0 rapier of draining
Missiles
 Z - a throwing net (quivered)
Armour
 A - a +2 pair of gloves (worn)
 O - a +0 buckler (worn)
 X - a +0 troll leather armour (worn) {Purgy}
Jewellery
 f - a ring of protection from fire (right hand)
 s - an uncursed ring of see invisible
 y - a +3 ring of slaying (left hand)
Wands
 D - a wand of digging (12)
 I - a wand of iceblast (28)
 M - a wand of disintegration (14)
 N - a wand of flame (39)
Scrolls
 m - 2 scrolls of immolation
 n - 3 scrolls of enchant weapon
 P - a scroll of enchant armour
 R - 9 scrolls of identify
 T - a scroll of teleportation
 V - a scroll of amnesia
 Y - a scroll of remove curse
Potions
 H - 2 potions of flight
 L - a potion of cancellation
 Q - 2 potions of curing
 U - 4 potions of lignification
 W - 2 potions of agility
Books
 J - a book of Necromancy

   Spells                             Type                      Level
   a - Pain                           Necromancy                   1
   b - Animate Skeleton               Necromancy                   1
   c - Vampiric Draining              Necromancy                   3
   d - Regeneration                   Charms/Necromancy            3
   e - Animate Dead                   Necromancy                   4
Comestibles
 c - 26 rations


   Skills:
 - Level 11.1(10.2) Fighting
 + Level 7.3(6.5) Axes
 - Level 11.1(10.3) Armour
 - Level 10.5(9.7) Dodging
 - Level 1.5(0.9) Stealth
 - Level 4.1(3.4) Shields
 - Level 1.3(0.7) Spellcasting
   Level 2.9(2.3) Necromancy
 - Level 4.5(3.8) Invocations


You had 12 spell levels left.
You didn't know any spells.

Dungeon Overview and Level Annotations

Branches:
Dungeon (9/15)             Temple (1/1) D:7            Lair (0/6) D:9
    Orc: D:9-12

Altars:
Ashenzari
Dithmenos
Elyvilon
Gozag
Kikubaaqudgha
Makhleb
Nemelex Xobeh
Okawaru
Trog
Uskayaw
Wu Jian
Yredelemnul
Zin

Annotations:
D:9 Erolcha


Innate Abilities, Weirdness & Mutations

You reflexively headbutt those who attack you in melee.
You have a pair of horns on your head.
Your body sometimes deteriorates upon taking damage.


Message History

* * * don't die
* * * The Hell Sentinel hits you!!! * * * don't die
* * * Unknown command!
A red film seems to cover your vision as you go berserk!!!
You feel yourself moving faster!!!
You feel mighty!!! The jumping spider closely misses you!
The jumping spider bites you but does no damage!
The worldbinder hits you! * * * don't die
* * * The worldbinder hits you butt does no damage!
The jumping spider barely misses you! You furiously retaliate!!!
You headbutt the jumping spider!!!
The jumping spider bites you! * * * don't die
* * * A starcursed butts splits!
The tarantella bites you!!! * * * don't die
* * * The large abomination hits you! * * * don't die
* * * The Hell Sentinel hits you!!!!!! rip

.. ........ .. ...
#......#...#
...##......#.....
..............#.#
...............##
.....§.§.§......
.....§Xss.....#
.... §§@s....#
......X1x§..##
.....X.......#
#..X..#.....#.##§§
##.X.###...## .
.#. #XXX..#.....#.
..# .X.... ......
#..# ....
.......#..##..
..... .......#.X#


You could see 8 starcursed masses, a Hell Sentinel, a large abomination, a
worldbinder, 2 jumping spiders and a tarantella.

Vanquished Creatures
  A hydra (D:8)
  A death yak (D:9)
  3 two-headed ogres
  The ghost of TheDeThijs the Basher, a novice MiBe of Trog (D:6)
  Joseph (D:9)
  An elephant (D:9)
  2 dream sheep (D:8)
  2 hippogriffs
  8 yaks
  Eustachio (D:6)
  A basilisk (D:9)
  A small abomination (Abyss:1)
  A neqoxec (Abyss:1)
  Edmund (D:6)
  A soldier ant (D:7)
  A water moccasin (D:8)
  The ghost of p0werm0de the Skirmisher, an amateur VSCK of Xom (D:5)
  Purgy (Sewer)
  3 orc warriors
  4 sky beasts
  A necrophage (D:5)
  An ice beast (D:9)
  4 phantoms
  A wolf (D:9)
  3 ogres
  3 centaurs
  2 crocodiles (D:9)
  3 big kobolds (D:8)
  5 bullfrogs
  Blork the orc (D:6)
  2 gnoll sergeants
  A scorpion (D:6)
  5 killer bees (D:7)
  An electric eel (D:8)
  3 crimson imps
  A quasit (Abyss:1)
  A bullfrog skeleton (D:8)
  A centaur zombie (D:8)
  5 hounds
  A jelly (D:6)
  3 orc priests
  Terence (D:2)
  6 orc wizards
  6 worker ants
  A hound skeleton (D:4)
  Robin (D:4)
  9 adders
  14 gnolls
  A howler monkey skeleton (D:9)
  A shadow imp (D:5)
  3 white imps
  A howler monkey simulacrum (D:9)
  2 ufetubi
  An ooze (D:3)
  An adder skeleton (D:4)
  A worm (D:3)
  5 dart slugs
  9 leopard geckos
  24 orcs
  4 ball pythons
  12 bats
  9 giant cockroaches
  15 goblins
  18 hobgoblins
  15 jackals
  9 kobolds
  8 quokkas
  7 frilled lizards
  A jackal skeleton (D:7)
  A jackal zombie (D:6)
  11 rats
  A spectral orc (D:7)
282 creatures vanquished.

Vanquished Creatures (others)
  A plant (D:8)
1 creature vanquished.

Grand Total: 283 creatures vanquished

Notes
Turn   | Place    | Note
-------+----------+-------------------------------------------
     0 | D:1      | Gorglomux the Minotaur Necromancer began the quest for the Orb.
     0 | D:1      | Reached XP level 1. HP: 14/14 MP: 1/1
   281 | D:1      | Reached skill level 1 in Armour
   309 | D:1      | Reached skill level 1 in Fighting
   309 | D:1      | Reached XP level 2. HP: 14/23 MP: 3/3
   914 | D:1      | Reached XP level 3. HP: 27/29 MP: 2/4
  1301 | D:2      | Reached skill level 3 in Dodging
  1947 | D:2      | Reached XP level 4. HP: 37/37 MP: 5/5
  2211 | D:2      | Noticed Terence
  2233 | D:2      | Killed Terence
  2576 | D:2      | Reached skill level 3 in Armour
  2670 | D:2      | Reached skill level 3 in Fighting
  2997 | D:3      | Reached XP level 5. HP: 45/45 MP: 6/6
  3365 | D:4      | Noticed a phantom
  3406 | D:3      | Killed a phantom
  3449 | D:4      | Noticed Robin
  3473 | D:4      | Killed Robin
  3487 | D:4      | Reached XP level 6. HP: 49/52 MP: 7/7
  3489 | D:4      | Found a glowing drain.
  3497 | D:5      | Entered Level 5 of the Dungeon
  3515 | Sewer    | Entered a sewer
  3540 | Sewer    | Noticed Purgy
  3586 | Sewer    | Killed Purgy
  4537 | D:5      | Noticed p0werm0de's ghost (amateur VSCK)
  4550 | D:5      | Killed p0werm0de's ghost
  4550 | D:5      | Reached skill level 3 in Shields
  4550 | D:5      | Reached XP level 7. HP: 55/60 MP: 8/8
  5018 | D:5      | Reached XP level 8. HP: 70/70 MP: 9/9
  5026 | D:5      | Found a white marble altar of Elyvilon.
  5236 | D:6      | Noticed Eustachio
  5249 | D:6      | Killed Eustachio
  5249 | D:6      | Reached skill level 6 in Fighting
  5249 | D:6      | Reached skill level 6 in Armour
  5249 | D:6      | Reached skill level 6 in Dodging
  5274 | D:6      | Noticed Edmund
  5290 | D:6      | Killed Edmund
  5534 | D:6      | Noticed TheDeThijs's ghost (novice MiBe)
  5594 | D:6      | Killed TheDeThijs's ghost
  5594 | D:6      | Reached XP level 9. HP: 53/79 MP: 10/10
  6096 | D:6      | Noticed Blork the orc
  6104 | D:6      | Killed Blork the orc
  6771 | D:7      | Found a basalt altar of Yredelemnul.
  6846 | D:7      | Found a staircase to the Ecumenical Temple.
  6853 | Temple   | Entered the Ecumenical Temple
  6884 | Temple   | Became a worshipper of Warmaster Okawaru
  6907 | D:7      | Reached skill level 9 in Fighting
  6907 | D:7      | Reached skill level 9 in Armour
  7429 | D:7      | Found a shattered altar of Ashenzari.
  7431 | D:7      | Found an opulent altar of Gozag.
  7435 | D:7      | Found a bloodstained altar of Trog.
  7435 | D:7      | Found an ornate altar of the Wu Jian Council.
  7436 | D:7      | Found a hide-covered altar of Uskayaw.
  7437 | D:7      | Found a shadowy altar of Dithmenos.
  7440 | D:7      | Found a sparkling altar of Nemelex Xobeh.
  7539 | D:8      | Noticed a two-headed ogre
  7571 | D:8      | Killed a two-headed ogre
  7571 | D:8      | Reached skill level 9 in Dodging
  7571 | D:8      | Reached XP level 10. HP: 57/91 MP: 11/11
  7668 | D:8      | Noticed a two-headed ogre
  7703 | D:7      | Killed a two-headed ogre
  7703 | D:7      | Reached * piety under Okawaru
  7729 | D:7      | Got a smoking trident
  7730 | D:7      | Identified the +6 trident of Inference {freeze, rF+ Str+4 Int+2} (You found it on level 7 of the Dungeon)
  7768 | D:8      | Noticed a two-headed ogre
  7777 | D:8      | Killed a two-headed ogre
  7777 | D:8      | Reached ** piety under Okawaru
  8966 | D:8      | Reached *** piety under Okawaru
  9004 | D:8      | Noticed a two-headed hydra
  9015 | D:8      | Killed a two-headed hydra
  9015 | D:8      | Reached XP level 11. HP: 82/102 MP: 12/12
  9107 | D:9      | Reached skill level 3 in Invocations
  9151 | D:9      | Reached skill level 1 in Axes
  9162 | D:9      | Reached **** piety under Okawaru
  9233 | D:9      | Found a glowing silver altar of Zin.
  9250 | D:9      | Reached skill level 3 in Axes
  9334 | D:9      | Noticed Joseph
  9347 | D:9      | Killed Joseph
  9487 | D:9      | Noticed a death yak
  9587 | D:9      | Killed a death yak
  9587 | D:9      | Reached skill level 6 in Axes
  9647 | D:9      | Found a staircase to the Lair.
  9718 | D:9      | Noticed Erolcha
  9745 | D:9      | Cast into level 1 of the Abyss (Erolcha)
  9764 | Abyss:1  | Found a deep blue altar of Sif Muna.
  9807 | Abyss:1  | Noticed a bone dragon
  9844 | Abyss:1  | Noticed a green death
  9889 | Abyss:1  | Noticed a large abomination
  9895 | Abyss:1  | Noticed a reaper
  9904 | Abyss:1  | Found a sacrificial altar of Ru.
 10023 | Abyss:1  | Gained mutation: Your body sometimes deteriorates upon taking damage. [a neqoxec]
 10069 | Abyss:1  | Noticed a starcursed mass
 10088 | Abyss:1  | Noticed a lich
 10183 | Abyss:1  | Noticed a tentacled starspawn
 10190 | Abyss:1  | Noticed a Hell Sentinel
 10191 | Abyss:1  | Noticed a starcursed mass
 10197 | Abyss:1  | HP: 6/153 [tarantella[a worldbinder] (9)]
 10197 | Abyss:1  | HP: 2/153 [large abomination (4)]
 10197 | Abyss:1  | Annihilated by a Hell Sentinel

Vault maps used:
D:1:      dpeg_arrival_central
D:2:      minmay_fountain_box, uniq_terence
D:4:      wad_lake_hut, portal_sewer_entry_a, lightli_minifort, uniq_robin
D:5:      corexii_shantytown, nicolae_overflow_hidden_temple, first_ration
D:6:      uniq_blork_the_orc, uniq_edmund, uniq_eustachio
D:7:      minitemple, yredelemnul_forgotten_temple_becter,
          minmay_temple_entry_overgrown
D:8:      serial_bayou_lagoon_a, hangedman_ranch
D:9:      old_standard_altar, lemuel_round_altar, david_lair_generic,
          serial_ice, serial_ice_i, serial_ice_f, serial_ice_g, serial_ice_e,
          uniq_erolcha, uniq_joseph
Temple:   jpeg_temple_clearing
Sewer:    sewer_big_baddie

Skill      XL: |  1  2  3  4  5  6  7  8  9 10 11 |
---------------+----------------------------------+-----
Armour         | 1 2 3 4 5 7 9 11 | 11.1
Fighting       | 1 2 3 4 5 7 9 11 | 11.1
Dodging        | 3 4 5 7 9 10 | 10.5
Shields        | 3 4 |  4.1
Invocations    | 2 4 |  4.5
Axes           | 7 |  7.3
Stealth        | |  1.5
Spellcasting   | |  1.3
Necromancy     | |  2.9

Action                   |  1- 3 |  4- 6 |  7- 9 | 10-12 || total
-------------------------+-------+-------+-------+-------++-------
Melee: Dagger            |    44 |       |       |       ||    44
       Mace              |     9 |       |       |       ||     9
       Headbutt          |    16 |    23 |    55 |    73 ||   167
       Short sword       |    47 |    37 |       |       ||    84
       Falchion          |       |   113 |   227 |    54 ||   394
       Rapier            |       |       |    39 |   269 ||   308
       Hand axe          |       |       |       |    22 ||    22
 Cast: Pain              |    16 |       |       |       ||    16
Invok: Heroism           |       |       |       |     7 ||     7
  Use: Potion            |     1 |       |       |     4 ||     5
       Scroll            |       |     7 |    14 |    10 ||    31
 Stab: Sleeping          |     4 |     2 |     5 |     1 ||    12
  Eat: Chunk             |     4 |     8 |    10 |     8 ||    30
       Ration            |       |       |       |     1 ||     1
Armor: Robe              |    14 |     2 |       |       ||    16
       Scale mail        |       |    80 |       |       ||    80
       Troll leather arm |       |    19 |    90 |   113 ||   222
Dodge: Dodged            |    72 |   108 |   200 |   293 ||   673
Block: Buckler           |       |       |    56 |    93 ||   149
       Rpst.: Falchion   |       |    26 |    43 |     8 ||    77

Table legend:
 A = Spawn XP
 B = Non-spawn XP
 C = Spawn XP percentage of total XP
 D = Spawn monster count
 E = Non-spawn monster count
 F = Spawn count percentage of total count
 G = Total turns spent on level
                    A         B        C        D         E        F      G
               +---------+---------+-------+---------+---------+-------+---------
         Total |      10 |   16447 |   0.1 |       1 |     281 |   0.4 | 10197
               +---------+---------+-------+---------+---------+-------+---------
           D:1 |       0 |      54 |   0.0 |       0 |      27 |   0.0 |  1226
           D:2 |       0 |     120 |   0.0 |       0 |      23 |   0.0 |  1509
           D:3 |       0 |     279 |   0.0 |       0 |      23 |   0.0 |   890
           D:4 |       0 |     113 |   0.0 |       0 |      25 |   0.0 |   716
           D:5 |       0 |     776 |   0.0 |       0 |      43 |   0.0 |   713
           D:6 |       0 |    1730 |   0.0 |       0 |      22 |   0.0 |  1225
           D:7 |       0 |    2453 |   0.0 |       0 |      30 |   0.0 |  1072
           D:8 |       0 |    5565 |   0.0 |       0 |      49 |   0.0 |  1553
           D:9 |       0 |    4763 |   0.0 |       0 |      28 |   0.0 |   601
       Abyss:1 |      10 |     439 |   2.2 |       1 |       5 |  16.7 |   452
         Sewer |       0 |     155 |   0.0 |       0 |       6 |   0.0 |   194
               +---------+---------+-------+---------+---------+-------+---------
